 Dungeon Crawl Stone Soup version 0.28.0-45-g0d030f2227 (webtiles) character file.

Game seed: 683303416300834619

4137 Peloso the Carver (level 10, -3/88 HPs)
             Began as a Minotaur Fighter on Apr 2, 2022.
             Was a Follower of Okawaru.
             Killed by divine providence
             ... invoked by an orc priest
              (11 damage)
             ... on level 8 of the Dungeon.
             The game lasted 00:13:38 (8578 turns).

Peloso the Carver (Minotaur Fighter)                Turns: 8578, Time: 00:13:39

Health: -3/88      AC: 11    Str: 28    XL:     10   Next: 7%
Magic:  9/9        EV: 10    Int:  5    God:    Okawaru [*.....]
Gold:   632        SH:  5    Dex: 13    Spells: 9/9 levels left

rFire   + . .      SeeInvis .   a - +0 long sword
rCold   . . .      Faith    .   c - +0 buckler
rNeg    . . .      Spirit   .   l - +0 chain mail {rPois}
rPois   +          Reflect  .   (helmet restricted)
rElec   .          Harm     .   (no cloak)
rCorr   +          Rampage  .   (no gloves)
Will    .....                   (no boots)
Stlth   ..........              q - amulet of Fosibiad {Acrobat rPois rF+ rCorr Stlth-}
HPRegen 0.24/turn               d - +6 ring of strength
MPRegen 0.11/turn               (no ring)

@: hasted, very quick
A: horns 2, retaliatory headbutt
a: Renounce Religion, Heroism


You were on level 8 of the Dungeon.
You worshipped Okawaru.
Okawaru was aware of your devotion.
You visited 2 branches of the dungeon, and saw 9 of its levels.

You collected 632 gold pieces.

Inventory:

Hand Weapons
 a - a +0 long sword (weapon)
Armour
 b - a +0 scale mail
 c - a +0 buckler (worn)
 l - a +0 chain mail of poison resistance (worn)
Jewellery
 d - a +6 ring of strength (left hand)
 h - a +6 ring of intelligence
 q - the amulet of Fosibiad (around neck) {Acrobat rPois rF+ rCorr Stlth-}
   (You found it on level 3 of the Dungeon)

   [amulet of the acrobat]

   It increases your evasion while moving and waiting.
   rF:        It protects you from fire.
   rPois:     It protects you from poison.
   rCorr:     It protects you from acid and corrosion.
   Stlth:     It makes you less stealthy.
 t - an amulet of reflection
Scrolls
 e - 6 scrolls of teleportation
 g - a scroll of noise
 j - a scroll of immolation {unknown}
 o - 2 scrolls of blinking {unknown}
 p - 2 scrolls of enchant armour {unknown}
 r - a scroll of brand weapon {unknown}
 s - 2 scrolls of holy word
 u - 3 scrolls of identify
Potions
 f - 2 potions of haste
 i - a potion of flight
 m - a potion of cancellation


   Skills:
 + Level 8.3 Fighting
 + Level 11.4 Long Blades
 + Level 9.4 Armour
 + Level 3.5 Dodging
 + Level 0.7 Stealth
 + Level 6.5 Shields


You had 9 spell levels left.
You didn't know any spells.
Your spell library contained the following spells:

 Spells                   Type           Power      Damage    Failure   Level
 Pain                     Necr           0%         1d4       96%         1
 Passage of Golubria      Tloc           0%         N/A       100%        4
 Agony                    Necr           0%         N/A       100%        5
 Excruciating Wounds      Necr           0%         N/A       100%        5
 Silence                  Hex/Air        0%         N/A       100%        5
 Borgnjor's Revivificati  Necr           0%         N/A       100%        8
 Lehudib's Crystal Spear  Conj/Erth      0%         10d2      100%        8
 Necromutation            Tmut/Necr      0%         N/A       100%        8
 Death's Door             Necr           0%         N/A       100%        9


Dungeon Overview and Level Annotations

Branches:
Dungeon (8/15)             Temple (1/1) D:7            Lair (0/6) D:8

Altars:
Ashenzari
Cheibriados
Dithmenos
Elyvilon
Gozag
Hepliaklqana
Kikubaaqudgha
Nemelex Xobeh
Okawaru
Qazlal
Ru
Sif Muna
Trog
Uskayaw
Vehumet
Wu Jian
Xom
Yredelemnul
Zin
The Shining One

Annotations:
D:3 1 runed translucent door, CryoSword's ghost, amateur VSEn
D:4 3 runed translucent doors, ouz's ghost, amateur DsGl
D:5 1 runed translucent door


Innate Abilities, Weirdness & Mutations

You have a pair of horns on your head.
You reflexively headbutt those who attack you in melee.


Message History

You hit the wyvern.
The wyvern is severely wounded.
You block the wyvern's attack. The orc wizard closely misses you.
You furiously retaliate!
You headbutt the orc wizard! You block the orc's attack.
Unknown command.
You closely miss the wyvern.
The wyvern is severely wounded.
The wyvern bites you!
* * * LOW HITPOINT WARNING * * *
Unknown command.
You slash the wyvern!
You kill the wyvern!
Okawaru accepts your kill.
The orc wizard hits you but does no damage.
The orc priest hits you with a +2 dagger of speed.
* * * LOW HITPOINT WARNING * * *
The orc hits you but does no damage.
You hit the orc priest.
The orc priest is moderately wounded.
Unknown command.
You barely miss the orc priest. Your headbutt misses the orc priest.
The orc priest is moderately wounded.
The orc priest hits you with a +2 dagger of speed.
* * * LOW HITPOINT WARNING * * *
The orc wizard gestures wildly while chanting.
The orc wizard flickers and vanishes!
Deactivating autopickup; reactivate with Ctrl-A.
The orc hits you but does no damage.
You hit the orc priest.
The orc priest is heavily wounded.
The orc priest hits you with a +2 dagger of speed.
* * * LOW HITPOINT WARNING * * *
Unknown command.
You slash the orc priest!
The orc priest is almost dead.
Something hits you but does no damage.
The orc priest calls down the wrath of Beogh upon you.
Beogh smites you!
You die...

..[..> ..... . ###
.... .. .. ##.# ..<
..# . ..# ..#.. ..
#.# ... . . #.
#.##.#....
..##.###.o@.#....
.......#.o.{......
#..##................
#.......#......#.....
#...... #.)....#.....
....... #....#.# ....
....$..##...##... ...
.......#.......##....
...............# .


You could see an orc priest and an orc.

Vanquished Creatures
  Prince Ribbit (D:5)
  Sigmund (D:5)
  2 wyverns (D:8)
  Eustachio (D:5)
  A steam dragon (D:7)
  A water moccasin (D:7)
  4 ice beasts
  2 black bears
  A centaur (D:8)
  3 necrophages (D:5)
  4 ogres
  5 bullfrogs
  4 scorpions
  A water moccasin zombie (D:7)
  2 water moccasin skeletons
  A wyvern skeleton (D:6)
  A howler monkey (D:7)
  A crimson imp (D:7)
  A bullfrog zombie (D:6)
  A gnoll shaman (D:6)
  8 hounds
  A jelly (D:7)
  3 orc priests
  A bullfrog skeleton (D:5)
  A centaur skeleton (D:5)
  A scorpion zombie (D:5)
  Terence (D:2)
  4 iguanas
  5 orc wizards
  A hound zombie (D:5)
  A howler monkey zombie (D:7)
  12 gnolls
  A howler monkey skeleton (D:5)
  7 adders
  2 white imps
  4 adder skeletons
  A dart slug (D:3)
  2 worms (D:3)
  17 orcs
  5 ball pythons
  6 endoplasms
  2 giant cockroaches (D:1)
  4 hobgoblins
  3 jackals
  3 kobolds
  3 quokkas
  6 bats
  3 frilled lizards (D:2)
  6 goblins
  5 rats
  A spectral kobold (D:1)
158 creatures vanquished.

Vanquished Creatures (others)
  6 plants (D:6)
6 creatures vanquished.

Grand Total: 164 creatures vanquished

Notes
Turn   | Place    | Note
-------+----------+-------------------------------------------
     0 | D:1      | Peloso the Minotaur Fighter began the quest for the Orb.
     0 | D:1      | Reached XP level 1. HP: 19/19 MP: 0/0
    45 | D:1      | Found a faded altar of an unknown god.
   219 | D:1      | Reached XP level 2. HP: 27/27 MP: 1/1
  1092 | D:2      | Reached XP level 3. HP: 28/33 MP: 2/2
  1473 | D:2      | You fall into a shaft and drop 2 floors!
  1572 | D:4      | Noticed an ogre
  1576 | D:4      | Killed an ogre
  1577 | D:4      | Reached skill level 3 in Long Blades
  1577 | D:4      | Reached XP level 4. HP: 12/40 MP: 3/3
  1842 | D:4      | Reached skill level 4 in Long Blades
  1842 | D:4      | Reached XP level 5. HP: 40/46 MP: 4/4
  1849 | D:4      | Noticed ouz's ghost (amateur DsGl)
  1872 | D:4      | Found a runed translucent gate.
  1872 | D:4      | Found a runed translucent gate.
  1872 | D:4      | Found a runed translucent gate.
  1907 | D:3      | Found a hazy altar of Hepliaklqana.
  1940 | D:3      | Found a runed translucent door.
  1947 | D:3      | Noticed CryoSword's ghost (amateur VSEn)
  1992 | D:2      | Noticed Terence
  1999 | D:2      | Killed Terence
  2000 | D:2      | Reached skill level 5 in Armour
  2315 | D:2      | Reached skill level 5 in Long Blades
  2547 | D:2      | Reached XP level 6. HP: 16/53 MP: 5/5
  2896 | D:3      | Identified the amulet of Fosibiad {Acrobat rPois rF+ rCorr
                  | Stlth-}
  3326 | D:4      | Reached skill level 1 in Dodging
  3452 | D:4      | Found a radiant altar of Vehumet.
  4146 | D:5      | Entered Level 5 of the Dungeon
  4156 | D:5      | Noticed Prince Ribbit
  4175 | D:5      | Killed Prince Ribbit
  4176 | D:5      | Reached skill level 5 in Fighting
  4176 | D:5      | Reached skill level 6 in Long Blades
  4176 | D:5      | Reached XP level 7. HP: 32/61 MP: 6/6
  4411 | D:5      | Noticed Sigmund
  4416 | D:5      | Killed Sigmund
  4417 | D:5      | Reached skill level 5 in Shields
  4865 | D:5      | Reached skill level 7 in Long Blades
  4878 | D:5      | Reached XP level 8. HP: 66/70 MP: 7/7
  4983 | D:5      | Reached skill level 8 in Long Blades
  5240 | D:5      | Reached skill level 9 in Long Blades
  5412 | D:5      | Found a runed translucent door.
  5433 | D:5      | Noticed Eustachio
  5450 | D:5      | Killed Eustachio
  5557 | D:5      | Reached XP level 9. HP: 73/79 MP: 8/8
  6059 | D:6      | Reached skill level 10 in Long Blades
  7544 | D:7      | Found a staircase to the Ecumenical Temple.
  7569 | Temple   | Entered the Ecumenical Temple
  7576 | Temple   | Became a worshipper of Warmaster Okawaru
  7841 | D:7      | Reached skill level 11 in Long Blades
  8005 | D:7      | Noticed a cyclops
  8366 | D:7      | Reached * piety under Okawaru
  8556 | D:8      | HP: 3/81 [wyvern (7)]
  8556 | D:8      | HP: 1/81 [centaur (2)]
  8559 | D:8      | Reached XP level 10. HP: 7/88 MP: 9/9
  8567 | D:8      | Found a staircase to the Lair.
  8578 | D:8      | Killed from afar by an orc priest

Illustrated notes

Levels and vault maps discovered:
D:1:      dpeg_arrival_round_b, layout_basic,
          dreamdust_ecumenical_altar_drowned_temple
D:2:      layout_loops_cross, minmay_fountain_box, uniq_terence
D:3:      layout_basic, mainiacjoe_overflow_chevrons,
          ebering_ghost_reflecting_pool, amethyst_killhole
D:4:      layout_layer_cave, kennysheep_mini, gammafunk_ghost_icy
D:5:      minmay_polygon_palace, layout_basic, lightli_church_of_beogh,
          uniq_eustachio, uniq_prince_ribbit1, uniq_sigmund
D:6:      layout_layer_cave, serial_bayou, serial_bayou_pond_e,
          serial_bayou_shore_b, serial_bayou_shore_a, serial_bayou_shore_b
D:7:      minmay_chambers_of_sevens, layout_rooms, minmay_temple_entry_tees,
          kennysheep_donut, minmay_fire_ice_demons
D:8:      layout_cave_pools, fedhas_altar_1, mainiacjoe_overflow_paths,
          enter_bailey_3, minivault_27, minmay_holes, uniq_gastronok
Temple:   nicolae_temple_no_exploring_needed

Skill      XL: |  1  2  3  4  5  6  7  8  9 |
---------------+----------------------------+-----
Shields        | 4 5 6 |  6.5
Fighting       | 4 5 7 8 |  8.3
Armour         | 4 5 6 7 9 |  9.4
Long Blades    | 3 4 5 6 7 9 11 | 11.4
Dodging        | 1 2 3 |  3.5
Stealth        | |  0.7

Action                   |  1- 3 |  4- 6 |  7- 9 | 10-12 || total
-------------------------+-------+-------+-------+-------++-------
Melee: Long sword        |    60 |   105 |   302 |    15 ||   482
       Headbutt          |     6 |    16 |    67 |     2 ||    91
  Use: Potion            |     5 |       |     4 |       ||     9
       Scroll            |       |     5 |     1 |       ||     6
Armor: Scale mail        |    29 |       |       |       ||    29
       Chain mail        |       |    68 |   156 |     7 ||   231
Dodge: Dodged            |    24 |    38 |   186 |     8 ||   256
Block: Buckler           |    20 |    27 |    84 |     5 ||   136
